AoeStats
← Sergio9108

Four Lakes

508036873Analyzed
1v1 RM · 11d ago on Sep 20, 2026· 52m 18s· 2 players
Game mode
Random Map
Map size
Tiny (2 player)
Population
200
Speed
Normal
Resources
Standard
Victory
Conquest
Starting age
Dark Age
Ending age
Imperial Age
RankedLock teamsTeams togetherTeam positionsShared explorationLock speedFull tech treeHidden civsTurbo modeCheats
Victory
Defeat
🇨🇴 Koreans · Colombia
1235
+17
🇫🇷 Portuguese · France
1258
-17
Sergio9108
6:43 Loom
9:55 Feudal Age
14:27 Castle Age
12:54 Town Watch
12:59 Double-Bit Axe
16:42 Scale Mail Armor
16:53 Forging
16:51 Town Watch
17:48 Squires
19:12 Chain Mail Armor
19:32 Iron Casting
25:24 Gambesons
41:27 Imperial Age
40:25 Wheelbarrow
39:50 Town Patrol
40:06 Scale Barding Armor
40:08 Fletching
41:52 Husbandry
42:07 Bodkin Arrow
43:38 Conscription
44:49 Bracer
45:58 Chemistry
45:21 Ballistics
48:06 Hand Cart
47:51 Town Patrol
Karatasa
4:44 Loom
10:37 Feudal Age
11:34 Double-Bit Axe
18:29 Castle Age
16:55 Gold Mining
16:50 Fishing Lines
17:20 Fletching
18:14 Padded Archer Armor
19:09 Bodkin Arrow
18:41 Crossbowman
21:38 Wheelbarrow
21:20 Leather Archer Armor
24:46 Thumb Ring
25:04 Ballistics
31:37 Hand Cart
37:35 Imperial Age
37:41 Murder Holes
39:05 Bracer
38:43 Arbalester
44:24 Ring Archer Armor
48:09 Elite Skirmisher
Connection lost

Rejoining the realm…

Still unreachable

The connection could not be restored.

Session expired

The server has moved on; the page needs a fresh start.